 Dungeon Crawl Stone Soup version 0.28-a0-1545-g945cd3f27e (webtiles) character file.

Game seed: 768683300799802358

44 BritishOli the Skirmisher (level 3, 0/29 HPs)
             Began as a Demonspawn Monk on Jan 18, 2022.
             Slain by a shadow imp (4 damage)
             ... summoned by Natasha
             ... on level 2 of the Dungeon.
             The game lasted 00:02:22 (1569 turns).

BritishOli the Skirmisher (Demonspawn Monk)         Turns: 1569, Time: 00:02:23

Health: 0/29       AC:  4    Str: 13    XL:     3   Next: 39%
Magic:  3/3        EV: 13    Int: 11    God:
Gold:   84         SH:  0    Dex: 15    Spells: 2/2 levels left

rFire   . . .      SeeInvis .   a - +0 hand axe
rCold   . . .      Faith    .   (no shield)
rNeg    . . .      Spirit   .   b - +0 robe
rPois   .          Reflect  .   (no helmet)
rElec   .          Harm     .   (no cloak)
rCorr   .          Rampage  .   (no gloves)
Will    .....                   (no boots)
Stlth   ++........              (no amulet)
HPRegen 0.09/turn               (no ring)
MPRegen 0.08/turn               (no ring)

@: slowed, very slow
A: yellow scales 1
a: no special abilities


You were on level 2 of the Dungeon.
You visited 1 branch of the dungeon, and saw 2 of its levels.

You collected 84 gold pieces.

Inventory:

Hand Weapons
 a - a +0 hand axe (weapon)
Armour
 b - a +0 robe (worn)
 c - a +0 leather armour
Scrolls
 d - a scroll of holy word {unknown}
 f - 2 scrolls of identify {unknown}
Potions
 e - a potion of flight {unknown}
 g - a potion of berserk rage {unknown}
 h - a potion of attraction {unknown}


   Skills:
 + Level 3.4 Fighting
 + Level 3.0 Axes
 + Level 1.1 Armour
 + Level 3.0 Dodging
 - Level 2.0 Stealth


You had 2 spell levels left.
You didn't know any spells.
Your spell library contained the following spells:

 Spells                   Type           Power      Damage    Failure   Level
 Animate Skeleton         Necr           0%         N/A       34%         1
 Apportation              Tloc           0%         N/A       34%         1
 Summon Small Mammal      Summ           0%         N/A       34%         1
 Gell's Gravitas          Tloc           0%         N/A       71%         3
 Lesser Beckoning         Tloc           0%         N/A       71%         3
 Teleport Other           Tloc           0%         N/A       71%         3


Dungeon Overview and Level Annotations

Branches:
Dungeon (2/15)

Altars:

Annotations:
D:2 Natasha


Innate Abilities, Weirdness & Mutations

You are partially covered in yellow scales. (AC +2)


Message History

The shadow imp barely misses you. Natasha barely misses you.
You hit Natasha.
Natasha is heavily wounded.
You miss the crimson imp. Natasha claws you! Natasha closely misses you.
The crimson imp barely misses you. The shadow imp closely misses you.
You hit Natasha.
Natasha is severely wounded.
You miss the crimson imp. You hit the shadow imp.
Natasha casts a spell.
The crimson imp barely misses you. The shadow imp barely misses you.
Natasha barely misses you. The crimson imp barely misses you.
You hit Natasha but do no damage.
Natasha is severely wounded.
You hit the crimson imp.
You hit the shadow imp but do no damage.
The shadow imp completely misses you. Natasha claws you but does no damage.
The crimson imp misses you. The shadow imp hits you.
You barely miss Natasha.
Natasha is severely wounded.
You barely miss the crimson imp. You hit the shadow imp.
Natasha casts a spell at you. The magic dart hits you.
The crimson imp blinks!
The shadow imp barely misses you.
Natasha stares at you and mumbles some strange words.
The magic dart hits you!
* * * LOW HITPOINT WARNING * * *
The shadow imp barely misses you.
You hit Natasha but do no damage.
Natasha is severely wounded.
You miss the crimson imp. You hit the shadow imp. Natasha claws you.
* * * LOW HITPOINT WARNING * * *
The shadow imp barely misses you. Natasha misses you.
The crimson imp hits you but does no damage.
The shadow imp misses you.
You feel yourself speed up.
Natasha stares at you and mumbles some strange words.
You feel yourself slow down.
The shadow imp disappears in a puff of smoke!
The crimson imp blinks!
The shadow imp hits you.
You die...

##### #...#######
#.#.......########.
#...####.........#.
##.## #.........#.
#.# ##.#.........
##@####.#..........
#.5....###..†)....<
#.h####.#.##†##....
#..§# ##.###.##..#.
..5...# ###
#.##.... #......###
#.###..#
...#....... ..#
#..# ###...#..#.#
#.# #.(# ##:##..#.#
###.# #..#


You could see Natasha, a crimson imp (summoned) and a shadow imp (summoned).

Vanquished Creatures
  5 ball pythons (D:1)
  3 bats
  2 giant cockroaches (D:2)
  A hobgoblin (D:2)
  4 jackals (D:1)
  2 kobolds (D:2)
  3 quokkas
  2 frilled lizards (D:1)
  11 goblins
  7 rats
40 creatures vanquished.

Vanquished Creatures (others)
  9 toadstools (D:2)
9 creatures vanquished.

Grand Total: 49 creatures vanquished

Notes
Turn   | Place    | Note
-------+----------+-------------------------------------------
     0 | D:1      | BritishOli the Demonspawn Monk began the quest for the Orb.
     0 | D:1      | Reached XP level 1. HP: 18/18 MP: 1/1
   384 | D:1      | Gained mutation: You are partially covered in yellow
                  | scales. (AC +2) [demonic ancestry]
   384 | D:1      | Reached XP level 2. HP: 24/24 MP: 2/2
   944 | D:1      | Found a faded altar of an unknown god.
  1173 | D:2      | Reached XP level 3. HP: 29/29 MP: 3/3
  1176 | D:2      | Reached skill level 1 in Armour
  1552 | D:2      | Noticed Natasha
  1569 | D:2      | Slain by a shadow imp

Illustrated notes

Levels and vault maps discovered:
D:1:      dpeg_arrival_rhombus, layout_rooms, hellmonk_ecumenical_altar_blasted,
          minmay_3d_cube
D:2:      cheibrodos_fertilizer, layout_loops_ring, minmay_goblin_outpost,
          uniq_natasha, uniq_robin, uniq_terence, uniq_sigmund

Skill      XL: |  1  2  3 |
---------------+----------+-----
Stealth        | 2 |  2.0
Axes           | 3 |  3.0
Dodging        | 3 |  3.0
Armour         | 1 |  1.1
Fighting       | |  3.4

Action                   || total
-------------------------++-------
Melee: Hand axe          ||   175
 Stab: Sleeping          ||     7
Armor: Robe              ||    51
Dodge: Dodged            ||   146

Table legend: (Time is in decaauts)
 A = Elapsed time spent in this place.
 B = Non-inter-level travel time spent in this place.
 C = Inter-level travel time spent in this place.
 D = Time resting spent in this place.
 E = Time spent auto-exploring this place.
 F = Levels seen in this place.
 G = Mean time per level.
                   A        B        C        D        E       F      G
               +--------+--------+--------+--------+--------+-----+--------+
         Total |   1602 |   1598 |      4 |      0 |   1261 |   2 |  801.0 |
       Dungeon |   1602 |   1598 |      4 |      0 |   1261 |   2 |  801.0 |
               +--------+--------+--------+--------+--------+-----+--------+

Top non-repeatable levels by time:
     D:1: 1187 daAuts
     D:2: 415 daAuts
